Demolitions vs Inferno
Created - 14 octobre 2015 at 23:17
Goals
|
| Demolitions |
1 |
1 |
2 |
0 |
2 |
5 |
| Inferno |
0 |
3 |
1 |
0 |
1 |
4 |
|
Shots
|
| Demolitions |
9 |
7 |
15 |
0 |
5 |
31 |
| Inferno |
8 |
12 |
17 |
1 |
5 |
38 |
|
1st period
1. Demolitions , Bobby Butler 4 (Ryan Craig, T.J. Hensick) at 19:42
Penalties :
Colby Robak (Anc) for Hooking (Minor) at 8:12, Vladimir Zharkov (Anc) for Holding (Minor) at 15:37
2nd period
2. Inferno , Stephane Veilleux 3 (Jonathan Ferland, Mikhail Grabovski) at 0:10
3. Demolitions , T.J. Hensick 3 (Nigel Dawes, Robert Bortuzzo) at 1:49
4. Inferno , Beau Bennett 4 (Anders Lee, Colby Robak) at 3:55
5. Inferno , Mikhail Grabovski 4 (Stephane Veilleux, Jonathan Ferland) at 4:44
Penalties :
Anton Babchuk (Vic) for High sticking (Double Minor) at 8:39, Spencer Machacek (Vic) for Roughing (Minor) at 14:38
3rd period
6. Inferno , Vladimir Zharkov 2 (Stephane Veilleux, Mikhail Grabovski) at 3:57 (PP)
7. Demolitions , T.J. Hensick 4 (Nigel Dawes, Anssi Salmela) at 6:41
8. Demolitions , Nigel Dawes 1 (T.J. Hensick, Brad Richardson) at 12:22
Penalties :
Spencer Machacek (Vic) for Holding (Minor) at 3:27
Overtime #1
No Goal
Penalties :
No Penalty
Shootout
Penalty Shot by Brad Richardson for Demolitions - Stopped by Josh Harding
Penalty Shot by David Ullstrom for Inferno - Stopped by Brent Krahn
Penalty Shot by T.J. Hensick for Demolitions - Stopped by Josh Harding
Penalty Shot by Anders Lee for Inferno - Stopped by Brent Krahn
Penalty Shot by Ryan Craig for Demolitions - Shot Misses the Net
Penalty Shot by Vladimir Zharkov for Inferno - Stopped by Brent Krahn
Penalty Shot by Nigel Dawes for Demolitions - Goal!
Penalty Shot by Jonathan Ferland for Inferno - Goal!
Penalty Shot by Bobby Butler for Demolitions - Goal!
Penalty Shot by Stephane Veilleux for Inferno - Shot Misses the Net
Penalties :
No Penalty
Goalie Stats
Brent Krahn (Vic), 34 saves from 38 shots - (0,895), W, 4-2-0, 65:00 minutes
Josh Harding (Anc), 27 saves from 31 shots - (0,871), OTL, 1-1-1, 65:00 minutes
Players Stats for Demolitions
Player Name G A P +/- PIM S H SB GA TA FO MP PP MP PK MP
------------------------------------------------------------------------------------
Alex Hutchings 0 0 0 0 0 0 0 0 0 0 0/0 2:17 0:00 1:15
Anssi Salmela 0 1 1 -1 0 1 2 4 1 2 0/0 21:17 1:39 2:39
Anton Babchuk 0 0 0 -1 4 0 2 0 2 0 0/0 19:57 1:39 1:08
Bobby Butler 1 0 1 1 0 4 1 0 1 0 0/0 15:27 1:47 0:00
Brad Richardson 0 1 1 1 0 2 0 1 1 0 3/8 24:36 2:11 3:47
Chris Wideman 0 0 0 0 0 0 0 1 0 0 0/0 2:54 0:00 0:38
Corban Knight 0 0 0 0 0 0 0 0 0 0 0/0 0:17 0:00 0:17
Darren Helm 0 0 0 -1 0 1 1 0 0 1 1/4 12:14 0:00 0:00
Doug Janik 0 0 0 -2 0 1 1 6 0 2 0/0 28:33 2:19 3:32
Josh Beaulieu 0 0 0 0 0 3 0 0 0 0 0/0 7:48 0:00 0:00
Konstantin Pushkarev 0 0 0 -1 0 1 0 2 1 0 1/1 12:25 0:00 0:00
Kyle Cumiskey 0 0 0 -2 0 1 0 1 1 0 0/0 28:33 2:19 3:32
Masi Marjamaki 0 0 0 0 0 0 0 0 0 0 0/0 0:00 0:00 0:00
Nicolas Blanchard 0 0 0 0 0 2 2 0 0 0 2/3 9:48 0:00 0:58
Nigel Dawes 1 2 3 1 0 4 0 1 3 0 2/4 21:30 2:11 1:26
Robert Bortuzzo 0 1 1 3 0 0 0 0 0 0 0/0 11:58 0:00 1:27
Robert Klinkhammer 0 0 0 -1 0 0 1 0 0 0 1/1 11:01 0:00 0:00
Ryan Craig 0 1 1 1 0 3 3 0 0 1 9/13 18:05 1:47 1:26
Seth Helgeson 0 0 0 4 0 1 0 0 0 0 0/0 12:37 0:00 0:00
Spencer Machacek 0 0 0 1 4 1 1 1 0 0 0/0 15:26 1:47 0:00
T.J. Hensick 2 2 4 1 0 6 0 1 3 2 13/29 24:36 2:11 3:47
Taylor Aronson 0 0 0 1 0 0 0 0 0 0 0/0 4:22 0:00 0:00
Tom Kuhnhackl 0 0 0 0 0 0 0 0 0 0 0/0 7:48 0:00 0:00
Vince Rocco 0 0 0 0 0 0 0 0 0 0 0/0 0:00 0:00 0:00
Players Stats for Inferno
Player Name G A P +/- PIM S H SB GA TA FO MP PP MP PK MP
------------------------------------------------------------------------------------
Anders Lee 0 1 1 1 0 0 0 0 0 0 0/0 12:36 2:38 0:55
Beau Bennett 1 0 1 1 0 5 0 0 1 0 0/1 9:08 0:24 0:00
Brendan Mikkelson 0 0 0 1 0 1 1 3 0 4 0/0 29:58 3:42 2:19
Brian Boyle 0 0 0 -2 0 1 1 0 0 1 3/8 13:11 0:24 1:26
Cal O'Reilly 0 0 0 1 0 3 0 0 0 0 1/3 8:44 0:00 0:00
Colby Robak 0 1 1 0 2 2 0 0 0 0 0/0 22:00 2:46 0:39
David Savard 0 0 0 -2 0 0 1 1 0 2 0/0 13:42 0:00 0:53
David Ullstrom 0 0 0 -1 0 0 1 0 0 0 0/0 14:03 0:00 0:20
Jonathan Ferland 0 2 2 1 0 2 2 0 1 1 2/2 23:48 2:41 2:00
Matt Kassian 0 0 0 -2 0 0 2 0 0 1 0/0 10:21 0:27 0:00
Mikhail Grabovski 1 2 3 1 0 3 3 0 0 0 19/35 22:17 3:23 0:00
Pavel Vorobiev 0 0 0 -2 0 2 1 2 0 0 0/0 12:29 0:00 1:10
Sami Vatanen 0 0 0 1 0 4 0 2 1 0 0/0 25:58 3:42 0:21
Simon Danis-Pepin 0 0 0 -2 0 0 0 2 0 1 0/0 14:00 0:00 2:10
Stephane Veilleux 1 2 3 1 0 8 0 0 2 2 1/2 23:13 3:23 0:48
Vladimir Sobotka 0 0 0 -1 0 2 1 0 1 0 5/12 18:50 2:41 1:17
Vladimir Zharkov 1 0 1 -1 2 2 2 0 1 0 0/0 16:59 3:23 0:00
Yannick Weber 0 0 0 0 0 3 2 2 1 1 0/0 24:43 2:46 1:34
3 Stars
1 - T.J. Hensick (Vic)
2 - Mikhail Grabovski (Anc)
3 - Nigel Dawes (Vic)
Power Play
Demolitions - 0 on 2 Attempt(s) - 0,00%
Inferno - 1 on 4 Attempt(s) - 25,00%
Penalty Kill
Demolitions - 3 on 4 Attempt(s) - 75,00%
- Score 0 goal in Penalty Kill
Inferno - 2 on 2 Attempt(s) - 100,00%
- Score 0 goal in Penalty Kill
Team Stat
Demolitions - Hits : 14 - Faceoff Wins : 32 - Blocked Shots : 18 - Penalty Minutes : 8
Inferno - Hits : 17 - Faceoff Wins : 31 - Blocked Shots : 12 - Penalty Minutes : 4
Official
Referees : Meier Brad and StPierre Justin
Linesman : Jay Sharrers and Brian Murphy
Game Notes
Chris Wideman is injured at 11:30 of 2nd period (Right Hand)
Finance
Level 1 -- Attendance: 1489 (74,45%) -- Ticket Income 52 115 $
Level 2 -- Attendance: 803 (80,30%) -- Ticket Income 12 045 $
Total Attendance: 2292 (76,40%)
Total Ticket Income: 64 160 $
Other Income: 3 208 $
Total Income: 67 368 $
Demolitions
5 vs 5 Forward
Center Left Wing Right Wing Time % Phy DF OF
1 T.J. Hensick Nigel Dawes Brad Richardson 40 1 2 2
2 Ryan Craig Bobby Butler Spencer Machacek 30 1 2 2
3 Darren Helm Robert Klinkhammer Konstantin Pushkarev 20 1 2 2
4 Nicolas Blanchard Josh Beaulieu Tom Kuhnhackl 10 1 2 2
5 vs 5 Defense
Defense Defense Time % Phy DF OF
1 Kyle Cumiskey Doug Janik 40 1 2 2
2 Anton Babchuk Anssi Salmela 30 1 2 2
3 Seth Helgeson Robert Bortuzzo 20 1 2 2
4 Chris Wideman Taylor Aronson 10 1 2 2
PowerPlay Forward
Center Left Wing Right Wing Time % Phy DF OF
1 T.J. Hensick Nigel Dawes Brad Richardson 60 1 2 2
2 Ryan Craig Bobby Butler Spencer Machacek 40 1 2 2
PowerPlay Defense
Defense Defense Time % Phy DF OF
1 Kyle Cumiskey Doug Janik 60 1 2 2
2 Anton Babchuk Anssi Salmela 40 1 2 2
Penalty Kill 4 Players Forward
Center Wing Time % Phy DF OF
1 Brad Richardson T.J. Hensick 60 1 2 2
2 Ryan Craig Nigel Dawes 40 1 2 2
Penalty Kill 4 Players Defense
Defense Defense Time % Phy DF OF
1 Kyle Cumiskey Doug Janik 60 1 2 2
2 Anton Babchuk Anssi Salmela 40 1 2 2
Penalty Kill - 3 Players Forward
Forward Time % Phy DF OF
1 Brad Richardson 60 1 2 2
2 T.J. Hensick 40 1 2 2
Penalty Kill - 3 Players Defense
Defense Defense Time % Phy DF OF
1 Kyle Cumiskey Doug Janik 60 1 2 2
2 Anton Babchuk Anssi Salmela 40 1 2 2
4 vs 4 Forward
Center Wing Time % Phy DF OF
1 Brad Richardson T.J. Hensick 60 1 2 2
2 Ryan Craig Nigel Dawes 40 1 2 2
4 vs 4 Defense
Defense Defense Time % Phy DF OF
1 Kyle Cumiskey Doug Janik 60 1 2 2
2 Anton Babchuk Anssi Salmela 40 1 2 2
Last Minutes Offensive
Center Left Wing Right Wing Defense Defense
T.J. Hensick Nigel Dawes Brad Richardson Kyle Cumiskey Doug Janik
Last Minutes Defensive
Center Left Wing Right Wing Defense Defense
T.J. Hensick Nigel Dawes Brad Richardson Kyle Cumiskey Doug Janik
Goaltenders
Starting : Brent Krahn
Backup : Jeff Frazee
Extra Forwards
Normal : Darren Helm, Konstantin Pushkarev, Nicolas Blanchard - PP : Darren Helm, Konstantin Pushkarev - PK : Nicolas Blanchard
Extra Defensemen
Normal : Seth Helgeson, Robert Bortuzzo, Chris Wideman - PP : Seth Helgeson - PK : Robert Bortuzzo, Chris Wideman
Penalty Shots
Brad Richardson, T.J. Hensick, Ryan Craig, Nigel Dawes, Bobby Butler
Inferno
5 vs 5 Forward
Center Left Wing Right Wing Time % Phy DF OF
1 Mikhail Grabovski Stephane Veilleux Jonathan Ferland 40 1 2 2
2 Vladimir Sobotka David Ullstrom Vladimir Zharkov 30 1 2 2
3 Brian Boyle Matt Kassian Pavel Vorobiev 20 1 2 2
4 Cal O'Reilly Anders Lee Beau Bennett 10 1 2 2
5 vs 5 Defense
Defense Defense Time % Phy DF OF
1 Brendan Mikkelson Sami Vatanen 40 1 2 2
2 Colby Robak Yannick Weber 30 1 2 2
3 David Savard Simon Danis-Pepin 20 1 2 2
4 Brendan Mikkelson Yannick Weber 10 1 2 2
PowerPlay Forward
Center Left Wing Right Wing Time % Phy DF OF
1 Mikhail Grabovski Stephane Veilleux Vladimir Zharkov 60 1 2 2
2 Vladimir Sobotka Anders Lee Jonathan Ferland 40 1 2 2
PowerPlay Defense
Defense Defense Time % Phy DF OF
1 Brendan Mikkelson Sami Vatanen 60 1 2 2
2 Colby Robak Yannick Weber 40 1 2 2
Penalty Kill 4 Players Forward
Center Wing Time % Phy DF OF
1 Vladimir Sobotka Jonathan Ferland 60 1 2 2
2 Brian Boyle Pavel Vorobiev 40 1 2 2
Penalty Kill 4 Players Defense
Defense Defense Time % Phy DF OF
1 Brendan Mikkelson Simon Danis-Pepin 60 1 2 2
2 Colby Robak Yannick Weber 40 1 2 2
Penalty Kill - 3 Players Forward
Forward Time % Phy DF OF
1 Jonathan Ferland 60 1 2 2
2 Vladimir Sobotka 40 1 2 2
Penalty Kill - 3 Players Defense
Defense Defense Time % Phy DF OF
1 Brendan Mikkelson Simon Danis-Pepin 60 1 2 2
2 Colby Robak Yannick Weber 40 1 2 2
4 vs 4 Forward
Center Wing Time % Phy DF OF
1 Mikhail Grabovski Jonathan Ferland 60 1 2 2
2 Vladimir Sobotka Stephane Veilleux 40 1 2 2
4 vs 4 Defense
Defense Defense Time % Phy DF OF
1 Brendan Mikkelson Sami Vatanen 60 1 2 2
2 Colby Robak Yannick Weber 40 1 2 2
Last Minutes Offensive
Center Left Wing Right Wing Defense Defense
Mikhail Grabovski Stephane Veilleux Jonathan Ferland Brendan Mikkelson Sami Vatanen
Last Minutes Defensive
Center Left Wing Right Wing Defense Defense
Mikhail Grabovski Stephane Veilleux Jonathan Ferland Brendan Mikkelson Simon Danis-Pepin
Goaltenders
Starting : Josh Harding
Backup : Michael Hutchinson
Extra Forwards
Normal : Vladimir Sobotka, Brian Boyle, Pavel Vorobiev - PP : Vladimir Zharkov, Anders Lee - PK : David Ullstrom
Extra Defensemen
Normal : Yannick Weber, David Savard, Simon Danis-Pepin - PP : David Savard - PK : Simon Danis-Pepin, Colby Robak
Penalty Shots
David Ullstrom, Anders Lee, Vladimir Zharkov, Jonathan Ferland, Stephane Veilleux
% Time on Ice - Demolitions
Lines # - Real PCT - Wanted PCT - Time Play
Normal Forward
1 - 34% - 40% - 17:05
2 - 28% - 30% - 13:40
3 - 22% - 20% - 11:01
4 - 16% - 10% - 7:48
Normal Defense
1 - 42% - 40% - 20:44
2 - 30% - 30% - 14:49
3 - 19% - 20% - 9:39
4 - 9% - 10% - 4:22
PP Forward
1 - 55% - 60% - 2:11
2 - 45% - 40% - 1:47
PP Defense
1 - 58% - 60% - 2:19
2 - 42% - 40% - 1:39
PK Forward
1 - 78% - 60% - 5:02
2 - 22% - 40% - 1:26
PK Defense
1 - 55% - 60% - 3:32
2 - 45% - 40% - 2:56
PK3 Forward
1 - 0% - 60%
2 - 0% - 40%
PK3 Defense
1 - 0% - 60%
2 - 0% - 40%
44 Forward
1 - 76% - 60% - 3:48
2 - 24% - 40% - 1:12
44 Defense
1 - 54% - 60% - 2:43
2 - 46% - 40% - 2:17
Last Minute Offensive - 0:00
Last Minute Defensive - 0:00
Total
Forward - 65:00
Defense - 65:00
|
% Time on Ice - Inferno
Lines # - Real PCT - Wanted PCT - Time Play
Normal Forward
1 - 35% - 40% - 17:29
2 - 28% - 30% - 13:45
3 - 19% - 20% - 9:36
4 - 18% - 10% - 8:44
Normal Defense
1 - 39% - 40% - 19:33
2 - 34% - 30% - 16:43
3 - 22% - 20% - 10:43
4 - 5% - 10% - 2:35
PP Forward
1 - 59% - 60% - 3:47
2 - 41% - 40% - 2:41
PP Defense
1 - 57% - 60% - 3:42
2 - 43% - 40% - 2:46
PK Forward
1 - 71% - 60% - 2:48
2 - 29% - 40% - 1:10
PK Defense
1 - 47% - 60% - 1:53
2 - 53% - 40% - 2:05
PK3 Forward
1 - 0% - 60%
2 - 0% - 40%
PK3 Defense
1 - 0% - 60%
2 - 0% - 40%
44 Forward
1 - 93% - 60% - 4:38
2 - 7% - 40% - 0:22
44 Defense
1 - 62% - 60% - 3:07
2 - 38% - 40% - 1:53
Last Minute Offensive - 0:00
Last Minute Defensive - 0:00
Total
Forward - 65:00
Defense - 65:00
|
Play by Play
1st period
0:01 of 1st period - T.J. Hensick wins face-off versus Mikhail Grabovski in neutral zone.
0:32 of 1st period - Snap shot by Ryan Craig.
0:32 of 1st period - Shot Misses the Net.
0:34 of 1st period - Slapshot by Kyle Cumiskey.
0:34 of 1st period - Deflect By Ryan Craig.
0:34 of 1st period - Stopped by Josh Harding with a rebound.
0:50 of 1st period - Snap shot by Pavel Vorobiev.
0:50 of 1st period - Shot Misses the Net.
1:19 of 1st period - Snap shot by Josh Beaulieu.
1:19 of 1st period - Stopped by Josh Harding with a rebound.
1:21 of 1st period - Slapshot by Anton Babchuk.
1:21 of 1st period - Shot Blocked by Simon Danis-Pepin.
2:31 of 1st period - Snap shot by Josh Beaulieu.
2:31 of 1st period - Shot Hit the Post.
2:33 of 1st period - Snap shot by Josh Beaulieu.
2:33 of 1st period - Stopped by Josh Harding with a rebound.
2:35 of 1st period - Backhand shot by Seth Helgeson.
2:35 of 1st period - Deflect By Mikhail Grabovski.
2:35 of 1st period - Stopped by Josh Harding with a rebound.
3:26 of 1st period - Off-side.
3:27 of 1st period - Darren Helm wins face-off versus Vladimir Sobotka in neutral zone.
3:48 of 1st period - Slapshot by Robert Klinkhammer.
3:48 of 1st period - Shot Blocked by Yannick Weber.
3:52 of 1st period - Snap shot by Darren Helm.
3:52 of 1st period - Stopped by Josh Harding without a rebound.
3:53 of 1st period - Brad Richardson wins face-off versus Mikhail Grabovski in Inferno zone.
3:54 of 1st period - Snap shot by Nigel Dawes.
3:54 of 1st period - Shot Hit the Post.
5:29 of 1st period - Darren Helm is hit by Mikhail Grabovski and loses puck.
6:05 of 1st period - Cal O'Reilly is hit by Nicolas Blanchard.
6:30 of 1st period - Snap shot by T.J. Hensick.
6:30 of 1st period - Shot Misses the Net.
6:48 of 1st period - Slapshot by Darren Helm.
6:48 of 1st period - Shot Blocked by Brendan Mikkelson.
7:13 of 1st period - Wrist shot by Pavel Vorobiev.
7:13 of 1st period - Shot Misses the Net.
7:15 of 1st period - Slapshot by Simon Danis-Pepin.
7:15 of 1st period - Deflect By Brian Boyle.
7:15 of 1st period - Stopped by Brent Krahn without a rebound.
7:16 of 1st period - Vladimir Sobotka wins face-off versus Nigel Dawes in Demolitions zone.
7:29 of 1st period - Snap shot by Vladimir Zharkov.
7:29 of 1st period - Shot Misses the Net.
7:31 of 1st period - Slapshot by Simon Danis-Pepin.
7:31 of 1st period - Shot Blocked by Chris Wideman.
7:43 of 1st period - Chris Wideman is hit by Jonathan Ferland and loses puck.
7:50 of 1st period - Slapshot by Stephane Veilleux.
7:50 of 1st period - Deflect By Mikhail Grabovski.
7:50 of 1st period - Shot Blocked by Spencer Machacek.
7:50 of 1st period - Puck is out of play.
7:51 of 1st period - T.J. Hensick wins face-off versus Mikhail Grabovski in Demolitions zone.
8:06 of 1st period - Wrist shot by T.J. Hensick.
8:06 of 1st period - Shot Misses the Net.
8:12 of 1st period - Minor Penalty to Colby Robak for Hooking.
8:13 of 1st period - Nigel Dawes wins face-off versus Vladimir Sobotka in Inferno zone.
8:20 of 1st period - Snap shot by Brad Richardson.
8:20 of 1st period - Stopped by Josh Harding without a rebound.
8:21 of 1st period - Vladimir Sobotka wins face-off versus T.J. Hensick in Inferno zone.
10:12 of 1st period - Penalty to Colby Robak is over, Colby Robak is back on ice.
10:33 of 1st period - Wrist shot by David Ullstrom.
10:33 of 1st period - Deflect By Stephane Veilleux.
10:33 of 1st period - Stopped by Brent Krahn without a rebound.
10:34 of 1st period - Robert Klinkhammer wins face-off versus Brian Boyle in Demolitions zone.
11:23 of 1st period - Sami Vatanen is hit by Bobby Butler.
12:25 of 1st period - Snap shot by Mikhail Grabovski.
12:25 of 1st period - Shot Misses the Net.
12:27 of 1st period - Slapshot by Stephane Veilleux.
12:27 of 1st period - Deflect By Jonathan Ferland.
12:27 of 1st period - Stopped by Brent Krahn with a rebound.
12:29 of 1st period - Slapshot by Colby Robak.
12:29 of 1st period - Shot Misses the Net.
12:36 of 1st period - Icing by Josh Beaulieu.
12:37 of 1st period - Nicolas Blanchard wins face-off versus Beau Bennett in Demolitions zone.
12:44 of 1st period - Slapshot by T.J. Hensick.
12:44 of 1st period - Shot Blocked by Simon Danis-Pepin.
12:46 of 1st period - Slapshot by Nigel Dawes.
12:46 of 1st period - Shot Blocked by David Savard.
13:06 of 1st period - Snap shot by Spencer Machacek.
13:06 of 1st period - Stopped by Josh Harding without a rebound.
13:07 of 1st period - T.J. Hensick wins face-off versus Mikhail Grabovski in Inferno zone.
13:16 of 1st period - Snap shot by Jonathan Ferland.
13:16 of 1st period - Stopped by Brent Krahn without a rebound.
13:17 of 1st period - Mikhail Grabovski wins face-off versus T.J. Hensick in Demolitions zone.
13:35 of 1st period - Icing by Stephane Veilleux.
13:36 of 1st period - Ryan Craig wins face-off versus Mikhail Grabovski in Inferno zone.
14:10 of 1st period - Slapshot by Yannick Weber.
14:10 of 1st period - Stopped by Brent Krahn without a rebound.
14:11 of 1st period - Nigel Dawes wins face-off versus Vladimir Sobotka in Demolitions zone.
14:11 of 1st period - Nigel Dawes is hit by David Ullstrom.
14:50 of 1st period - Slapshot by Robert Klinkhammer.
14:50 of 1st period - Shot Misses the Net.
15:06 of 1st period - Snap shot by Josh Beaulieu.
15:06 of 1st period - Stopped by Josh Harding with a rebound.
15:37 of 1st period - Minor Penalty to Vladimir Zharkov for Holding.
15:38 of 1st period - Brian Boyle wins face-off versus T.J. Hensick in Inferno zone.
17:37 of 1st period - Penalty to Vladimir Zharkov is over, Vladimir Zharkov is back on ice.
17:41 of 1st period - Off-side.
17:42 of 1st period - Konstantin Pushkarev wins face-off versus Brian Boyle in neutral zone.
18:07 of 1st period - Vladimir Zharkov is hit by Nicolas Blanchard and loses puck.
18:12 of 1st period - Snap shot by Josh Beaulieu.
18:12 of 1st period - Shot Misses the Net.
18:49 of 1st period - Slapshot by Stephane Veilleux.
18:49 of 1st period - Shot Misses the Net.
18:51 of 1st period - Snap shot by Stephane Veilleux.
18:51 of 1st period - Shot Misses the Net.
19:04 of 1st period - Off-side.
19:05 of 1st period - Cal O'Reilly wins face-off versus Darren Helm in neutral zone.
19:10 of 1st period - Wrist shot by Beau Bennett.
19:10 of 1st period - Stopped by Brent Krahn with a rebound.
19:12 of 1st period - Wrist shot by Cal O'Reilly.
19:12 of 1st period - Stopped by Brent Krahn without a rebound.
19:13 of 1st period - T.J. Hensick wins face-off versus Stephane Veilleux in Demolitions zone.
19:20 of 1st period - Snap shot by T.J. Hensick.
19:20 of 1st period - Shot Misses the Net.
19:40 of 1st period - Wrist shot by Ryan Craig.
19:40 of 1st period - Shot Misses the Net.
19:42 of 1st period - Snap shot by Bobby Butler.
19:42 of 1st period - Goal by Bobby Butler - Demolitions : 1 - Inferno : 0.
19:43 of 1st period - Mikhail Grabovski wins face-off versus T.J. Hensick in neutral zone.
19:54 of 1st period - Snap shot by Jonathan Ferland.
19:54 of 1st period - Shot Blocked by Doug Janik.
19:56 of 1st period - Slapshot by Colby Robak.
19:56 of 1st period - Stopped by Brent Krahn without a rebound.
19:57 of 1st period - Ryan Craig wins face-off versus Mikhail Grabovski in Demolitions zone.
Goals for this period are 1 for Demolitions vs 0 for Inferno.
Shots for this period are 9 for Demolitions vs 8 for Inferno.
2nd period
0:01 of 2nd period - Mikhail Grabovski wins face-off versus T.J. Hensick in neutral zone.
0:08 of 2nd period - Snap shot by Jonathan Ferland.
0:08 of 2nd period - Shot Hit the Post.
0:10 of 2nd period - Snap shot by Stephane Veilleux.
0:10 of 2nd period - Goal by Stephane Veilleux - Demolitions : 1 - Inferno : 1.
0:11 of 2nd period - T.J. Hensick wins face-off versus Mikhail Grabovski in neutral zone.
0:27 of 2nd period - Snap shot by Nigel Dawes.
0:27 of 2nd period - Shot Hit the Post.
0:46 of 2nd period - Snap shot by Ryan Craig.
0:46 of 2nd period - Shot Blocked by Pavel Vorobiev.
1:00 of 2nd period - David Savard is hit by Anssi Salmela and loses puck.
1:05 of 2nd period - Wrist shot by Josh Beaulieu.
1:05 of 2nd period - Shot Misses the Net.
1:21 of 2nd period - Slapshot by Beau Bennett.
1:21 of 2nd period - Shot Misses the Net.
1:27 of 2nd period - Snap shot by Beau Bennett.
1:27 of 2nd period - Shot Misses the Net.
1:29 of 2nd period - Slapshot by Yannick Weber.
1:29 of 2nd period - Shot Hit the Post.
1:49 of 2nd period - Wrist shot by T.J. Hensick.
1:49 of 2nd period - Goal by T.J. Hensick - Demolitions : 2 - Inferno : 1.
1:50 of 2nd period - Mikhail Grabovski wins face-off versus T.J. Hensick in neutral zone.
2:12 of 2nd period - Icing by Doug Janik.
2:13 of 2nd period - Brian Boyle wins face-off versus Ryan Craig in Demolitions zone.
3:20 of 2nd period - Colby Robak is hit by Darren Helm and loses puck.
3:34 of 2nd period - Konstantin Pushkarev is hit by Yannick Weber and loses puck.
3:43 of 2nd period - Snap shot by Beau Bennett.
3:43 of 2nd period - Stopped by Brent Krahn with a rebound.
3:45 of 2nd period - Slapshot by Colby Robak.
3:45 of 2nd period - Shot Blocked by Anssi Salmela.
3:47 of 2nd period - Wrist shot by Yannick Weber.
3:47 of 2nd period - Shot Blocked by Konstantin Pushkarev.
3:49 of 2nd period - Slapshot by Yannick Weber.
3:49 of 2nd period - Shot Misses the Net.
3:51 of 2nd period - Slapshot by Colby Robak.
3:51 of 2nd period - Shot Blocked by Konstantin Pushkarev.
3:53 of 2nd period - Snap shot by Anders Lee.
3:53 of 2nd period - Shot Blocked by Anssi Salmela.
3:55 of 2nd period - Snap shot by Beau Bennett.
3:55 of 2nd period - Goal by Beau Bennett - Demolitions : 2 - Inferno : 2.
3:56 of 2nd period - Jonathan Ferland wins face-off versus T.J. Hensick in neutral zone.
4:11 of 2nd period - Snap shot by T.J. Hensick.
4:11 of 2nd period - Stopped by Josh Harding without a rebound.
4:12 of 2nd period - Ryan Craig wins face-off versus Vladimir Sobotka in Inferno zone.
4:13 of 2nd period - Snap shot by Spencer Machacek.
4:13 of 2nd period - Shot Blocked by Brendan Mikkelson.
4:15 of 2nd period - Slapshot by Ryan Craig.
4:15 of 2nd period - Shot Misses the Net.
4:17 of 2nd period - Slapshot by Doug Janik.
4:17 of 2nd period - Shot Hit the Post.
4:19 of 2nd period - Slapshot by Kyle Cumiskey.
4:19 of 2nd period - Shot Misses the Net.
4:21 of 2nd period - Slapshot by Kyle Cumiskey.
4:21 of 2nd period - Shot Misses the Net.
4:28 of 2nd period - Snap shot by Ryan Craig.
4:28 of 2nd period - Shot Misses the Net.
4:44 of 2nd period - Snap shot by Mikhail Grabovski.
4:44 of 2nd period - Goal by Mikhail Grabovski - Demolitions : 2 - Inferno : 3.
4:45 of 2nd period - Ryan Craig wins face-off versus Mikhail Grabovski in neutral zone.
5:12 of 2nd period - David Ullstrom is hit by Doug Janik and loses puck.
5:37 of 2nd period - Snap shot by Konstantin Pushkarev.
5:37 of 2nd period - Shot Hit the Post.
6:23 of 2nd period - Slapshot by Anton Babchuk.
6:23 of 2nd period - Deflect By Josh Beaulieu.
6:23 of 2nd period - Shot Blocked by Yannick Weber.
6:23 of 2nd period - Puck is out of play.
6:24 of 2nd period - Nicolas Blanchard wins face-off versus Mikhail Grabovski in Inferno zone.
6:29 of 2nd period - Wrist shot by Josh Beaulieu.
6:29 of 2nd period - Shot Blocked by Sami Vatanen.
7:16 of 2nd period - Snap shot by Vladimir Sobotka.
7:16 of 2nd period - Stopped by Brent Krahn with a rebound.
7:18 of 2nd period - Slapshot by Vladimir Zharkov.
7:18 of 2nd period - Stopped by Brent Krahn without a rebound.
7:19 of 2nd period - Mikhail Grabovski wins face-off versus Darren Helm in Demolitions zone.
7:22 of 2nd period - Snap shot by Stephane Veilleux.
7:22 of 2nd period - Shot Hit the Post.
7:24 of 2nd period - Slapshot by Colby Robak.
7:24 of 2nd period - Shot Blocked by Anssi Salmela.
7:26 of 2nd period - Slapshot by Mikhail Grabovski.
7:26 of 2nd period - Shot Misses the Net.
7:28 of 2nd period - Snap shot by Stephane Veilleux.
7:28 of 2nd period - Stopped by Brent Krahn with a rebound.
7:32 of 2nd period - Snap shot by Stephane Veilleux.
7:32 of 2nd period - Stopped by Brent Krahn without a rebound.
7:33 of 2nd period - Vladimir Sobotka wins face-off versus T.J. Hensick in Demolitions zone.
7:58 of 2nd period - Kyle Cumiskey is hit by Jonathan Ferland and loses puck.
8:11 of 2nd period - Snap shot by Stephane Veilleux.
8:11 of 2nd period - Shot Blocked by Anssi Salmela.
8:25 of 2nd period - Snap shot by Cal O'Reilly.
8:25 of 2nd period - Stopped by Brent Krahn with a rebound.
8:27 of 2nd period - Slapshot by Yannick Weber.
8:27 of 2nd period - Stopped by Brent Krahn with a rebound.
8:39 of 2nd period - Double Minor Penalty to Anton Babchuk for High sticking.
8:40 of 2nd period - Brad Richardson wins face-off versus Mikhail Grabovski in Demolitions zone.
8:49 of 2nd period - Slapshot by Brendan Mikkelson.
8:49 of 2nd period - Shot Misses the Net.
10:42 of 2nd period - Kyle Cumiskey is hit by Brian Boyle and loses puck.
11:29 of 2nd period - Chris Wideman is hit by Brendan Mikkelson and loses puck.
11:30 of 2nd period - Chris Wideman from Demolitions is injured at 11:30 of 2nd period (Right Hand).
11:31 of 2nd period - Brad Richardson wins face-off versus Mikhail Grabovski in Demolitions zone.
12:01 of 2nd period - Wrist shot by Brendan Mikkelson.
12:01 of 2nd period - Stopped by Brent Krahn without a rebound.
12:02 of 2nd period - Ryan Craig wins face-off versus Vladimir Sobotka in Demolitions zone.
12:08 of 2nd period - Icing by Colby Robak.
12:09 of 2nd period - Vladimir Sobotka wins face-off versus Brad Richardson in Inferno zone.
12:30 of 2nd period - Slapshot by Yannick Weber.
12:30 of 2nd period - Stopped by Brent Krahn without a rebound.
12:31 of 2nd period - Mikhail Grabovski wins face-off versus T.J. Hensick in Demolitions zone.
12:39 of 2nd period - Penalty to Anton Babchuk is over, Anton Babchuk is back on ice.
12:55 of 2nd period - Icing by Bobby Butler.
12:56 of 2nd period - Ryan Craig wins face-off versus Brian Boyle in Demolitions zone.
13:53 of 2nd period - Wrist shot by Vladimir Zharkov.
13:53 of 2nd period - Shot Blocked by Doug Janik.
14:33 of 2nd period - Off-side.
14:34 of 2nd period - Mikhail Grabovski wins face-off versus Ryan Craig in neutral zone.
14:38 of 2nd period - Minor Penalty to Spencer Machacek for Roughing.
14:39 of 2nd period - Stephane Veilleux wins face-off versus Brad Richardson in Demolitions zone.
15:44 of 2nd period - Backhand shot by Nigel Dawes.
15:44 of 2nd period - Stopped by Josh Harding without a rebound.
15:45 of 2nd period - Ryan Craig wins face-off versus Vladimir Sobotka in Inferno zone.
15:46 of 2nd period - Snap shot by Nigel Dawes.
15:46 of 2nd period - Shot Misses the Net.
16:38 of 2nd period - Penalty to Spencer Machacek is over, Spencer Machacek is back on ice.
16:54 of 2nd period - Off-side.
16:55 of 2nd period - Ryan Craig wins face-off versus Brian Boyle in neutral zone.
16:58 of 2nd period - Snap shot by Bobby Butler.
16:58 of 2nd period - Stopped by Josh Harding with a rebound.
17:00 of 2nd period - Backhand shot by Ryan Craig.
17:00 of 2nd period - Shot Misses the Net.
17:06 of 2nd period - Snap shot by Bobby Butler.
17:06 of 2nd period - Shot Misses the Net.
17:08 of 2nd period - Wrist shot by Ryan Craig.
17:08 of 2nd period - Stopped by Josh Harding without a rebound.
17:09 of 2nd period - T.J. Hensick wins face-off versus Mikhail Grabovski in Inferno zone.
18:01 of 2nd period - Snap shot by Doug Janik.
18:01 of 2nd period - Stopped by Josh Harding with a rebound.
18:54 of 2nd period - Icing by Mikhail Grabovski.
18:55 of 2nd period - T.J. Hensick wins face-off versus Mikhail Grabovski in Inferno zone.
19:04 of 2nd period - Wrist shot by T.J. Hensick.
19:04 of 2nd period - Stopped by Josh Harding without a rebound.
19:05 of 2nd period - Mikhail Grabovski wins face-off versus T.J. Hensick in Inferno zone.
19:16 of 2nd period - Anssi Salmela is hit by Mikhail Grabovski and loses puck.
19:41 of 2nd period - Off-side.
19:42 of 2nd period - T.J. Hensick wins face-off versus Mikhail Grabovski in neutral zone.
19:51 of 2nd period - Snap shot by Stephane Veilleux.
19:51 of 2nd period - Shot Blocked by Brad Richardson.
19:53 of 2nd period - Snap shot by Stephane Veilleux.
19:53 of 2nd period - Shot Blocked by Nigel Dawes.
19:55 of 2nd period - Slapshot by Yannick Weber.
19:55 of 2nd period - Deflect By Mikhail Grabovski.
19:55 of 2nd period - Shot Misses the Net.
19:55 of 2nd period - Puck is out of play.
19:56 of 2nd period - T.J. Hensick wins face-off versus Mikhail Grabovski in Demolitions zone.
Goals for this period are 1 for Demolitions vs 3 for Inferno.
Shots for this period are 7 for Demolitions vs 12 for Inferno.
3rd period
0:01 of 3rd period - Mikhail Grabovski wins face-off versus T.J. Hensick in neutral zone.
0:12 of 3rd period - Snap shot by Nigel Dawes.
0:12 of 3rd period - Stopped by Josh Harding without a rebound.
0:13 of 3rd period - Mikhail Grabovski wins face-off versus T.J. Hensick in Inferno zone.
0:22 of 3rd period - Slapshot by T.J. Hensick.
0:22 of 3rd period - Stopped by Josh Harding with a rebound.
0:28 of 3rd period - Slapshot by Stephane Veilleux.
0:28 of 3rd period - Shot Misses the Net.
0:38 of 3rd period - Ryan Craig is hit by Vladimir Zharkov and loses puck.
1:01 of 3rd period - Snap shot by Pavel Vorobiev.
1:01 of 3rd period - Shot Blocked by Doug Janik.
1:03 of 3rd period - Snap shot by Pavel Vorobiev.
1:03 of 3rd period - Stopped by Brent Krahn with a rebound.
1:23 of 3rd period - Wrist shot by Beau Bennett.
1:23 of 3rd period - Stopped by Brent Krahn with a rebound.
1:40 of 3rd period - Wrist shot by Brad Richardson.
1:40 of 3rd period - Shot Misses the Net.
2:47 of 3rd period - Off-side.
2:48 of 3rd period - T.J. Hensick wins face-off versus Brian Boyle in neutral zone.
3:00 of 3rd period - Wrist shot by Brad Richardson.
3:00 of 3rd period - Shot Misses the Net.
3:02 of 3rd period - Slapshot by Doug Janik.
3:02 of 3rd period - Shot Blocked by Brendan Mikkelson.
3:04 of 3rd period - Wrist shot by Kyle Cumiskey.
3:04 of 3rd period - Stopped by Josh Harding without a rebound.
3:05 of 3rd period - Jonathan Ferland wins face-off versus Ryan Craig in Inferno zone.
3:05 of 3rd period - Jonathan Ferland is hit by Spencer Machacek.
3:15 of 3rd period - Wrist shot by Mikhail Grabovski.
3:15 of 3rd period - Stopped by Brent Krahn with a rebound.
3:17 of 3rd period - Wrist shot by Sami Vatanen.
3:17 of 3rd period - Shot Blocked by Doug Janik.
3:19 of 3rd period - Wrist shot by Mikhail Grabovski.
3:19 of 3rd period - Shot Misses the Net.
3:27 of 3rd period - Minor Penalty to Spencer Machacek for Holding.
3:28 of 3rd period - Mikhail Grabovski wins face-off versus Brad Richardson in Demolitions zone.
3:41 of 3rd period - Snap shot by Vladimir Zharkov.
3:41 of 3rd period - Shot Blocked by Kyle Cumiskey.
3:43 of 3rd period - Snap shot by Stephane Veilleux.
3:43 of 3rd period - Stopped by Brent Krahn without a rebound.
3:44 of 3rd period - Mikhail Grabovski wins face-off versus Brad Richardson in Demolitions zone.
3:51 of 3rd period - Slapshot by Vladimir Zharkov.
3:51 of 3rd period - Shot Misses the Net.
3:53 of 3rd period - Snap shot by Mikhail Grabovski.
3:53 of 3rd period - Shot Misses the Net.
3:55 of 3rd period - Wrist shot by Stephane Veilleux.
3:55 of 3rd period - Stopped by Brent Krahn with a rebound.
3:57 of 3rd period - Wrist shot by Stephane Veilleux.
3:57 of 3rd period - Deflect By Vladimir Zharkov.
3:57 of 3rd period - Goal by Vladimir Zharkov - Demolitions : 2 - Inferno : 4.
3:58 of 3rd period - T.J. Hensick wins face-off versus Mikhail Grabovski in neutral zone.
4:23 of 3rd period - Spencer Machacek is hit by Vladimir Zharkov and loses puck.
4:44 of 3rd period - Wrist shot by Sami Vatanen.
4:44 of 3rd period - Deflect By Robert Klinkhammer.
4:44 of 3rd period - Stopped by Brent Krahn without a rebound.
4:45 of 3rd period - Brian Boyle wins face-off versus Darren Helm in Demolitions zone.
6:37 of 3rd period - Wrist shot by Brad Richardson.
6:37 of 3rd period - Shot Blocked by Pavel Vorobiev.
6:39 of 3rd period - Snap shot by Anssi Salmela.
6:39 of 3rd period - Deflect By Nigel Dawes.
6:39 of 3rd period - Stopped by Josh Harding with a rebound.
6:41 of 3rd period - Snap shot by T.J. Hensick.
6:41 of 3rd period - Goal by T.J. Hensick - Demolitions : 3 - Inferno : 4.
6:42 of 3rd period - Mikhail Grabovski wins face-off versus Nigel Dawes in neutral zone.
6:47 of 3rd period - Wrist shot by Mikhail Grabovski.
6:47 of 3rd period - Shot Misses the Net.
7:07 of 3rd period - Bobby Butler is hit by Yannick Weber and loses puck.
7:12 of 3rd period - Wrist shot by Vladimir Sobotka.
7:12 of 3rd period - Stopped by Brent Krahn without a rebound.
7:13 of 3rd period - Vladimir Sobotka wins face-off versus T.J. Hensick in Demolitions zone.
7:20 of 3rd period - Wrist shot by Vladimir Sobotka.
7:20 of 3rd period - Shot Misses the Net.
7:40 of 3rd period - David Savard is hit by Ryan Craig and loses puck.
8:10 of 3rd period - Snap shot by Beau Bennett.
8:10 of 3rd period - Stopped by Brent Krahn without a rebound.
8:11 of 3rd period - Mikhail Grabovski wins face-off versus T.J. Hensick in Demolitions zone.
8:14 of 3rd period - Backhand shot by Stephane Veilleux.
8:14 of 3rd period - Stopped by Brent Krahn without a rebound.
8:15 of 3rd period - Mikhail Grabovski wins face-off versus T.J. Hensick in Demolitions zone.
9:07 of 3rd period - Slapshot by Anssi Salmela.
9:07 of 3rd period - Deflect By Brendan Mikkelson.
9:07 of 3rd period - Stopped by Josh Harding with a rebound.
9:09 of 3rd period - Wrist shot by Nicolas Blanchard.
9:09 of 3rd period - Stopped by Josh Harding without a rebound.
9:10 of 3rd period - Mikhail Grabovski wins face-off versus Nicolas Blanchard in Inferno zone.
9:35 of 3rd period - Doug Janik is hit by Matt Kassian and loses puck.
10:09 of 3rd period - Snap shot by Cal O'Reilly.
10:09 of 3rd period - Stopped by Brent Krahn with a rebound.
10:35 of 3rd period - Wrist shot by Mikhail Grabovski.
10:35 of 3rd period - Stopped by Brent Krahn with a rebound.
10:37 of 3rd period - Slapshot by Colby Robak.
10:37 of 3rd period - Stopped by Brent Krahn with a rebound.
11:09 of 3rd period - Darren Helm is hit by Matt Kassian and loses puck.
11:14 of 3rd period - Wrist shot by Pavel Vorobiev.
11:14 of 3rd period - Stopped by Brent Krahn with a rebound.
11:31 of 3rd period - Snap shot by T.J. Hensick.
11:31 of 3rd period - Shot Misses the Net.
11:33 of 3rd period - Wrist shot by Brad Richardson.
11:33 of 3rd period - Stopped by Josh Harding with a rebound.
12:18 of 3rd period - Snap shot by Brad Richardson.
12:18 of 3rd period - Shot Misses the Net.
12:20 of 3rd period - Snap shot by T.J. Hensick.
12:20 of 3rd period - Stopped by Josh Harding with a rebound.
12:22 of 3rd period - Slapshot by Nigel Dawes.
12:22 of 3rd period - Goal by Nigel Dawes - Demolitions : 4 - Inferno : 4.
12:23 of 3rd period - Mikhail Grabovski wins face-off versus T.J. Hensick in neutral zone.
12:36 of 3rd period - Wrist shot by Mikhail Grabovski.
12:36 of 3rd period - Shot Blocked by T.J. Hensick.
12:50 of 3rd period - Vladimir Zharkov is hit by Ryan Craig and loses puck.
12:57 of 3rd period - Slapshot by Sami Vatanen.
12:57 of 3rd period - Stopped by Brent Krahn without a rebound.
12:58 of 3rd period - Mikhail Grabovski wins face-off versus Ryan Craig in Demolitions zone.
13:07 of 3rd period - Snap shot by Ryan Craig.
13:07 of 3rd period - Shot Misses the Net.
13:09 of 3rd period - Snap shot by Bobby Butler.
13:09 of 3rd period - Stopped by Josh Harding with a rebound.
13:11 of 3rd period - Snap shot by Bobby Butler.
13:11 of 3rd period - Stopped by Josh Harding without a rebound.
13:12 of 3rd period - T.J. Hensick wins face-off versus Vladimir Sobotka in Inferno zone.
13:37 of 3rd period - Spencer Machacek is hit by Mikhail Grabovski and loses puck.
14:06 of 3rd period - Wrist shot by Konstantin Pushkarev.
14:06 of 3rd period - Stopped by Josh Harding with a rebound.
15:05 of 3rd period - Slapshot by Doug Janik.
15:05 of 3rd period - Shot Blocked by Sami Vatanen.
15:14 of 3rd period - Slapshot by Sami Vatanen.
15:14 of 3rd period - Stopped by Brent Krahn with a rebound.
15:45 of 3rd period - Slapshot by Sami Vatanen.
15:45 of 3rd period - Stopped by Brent Krahn without a rebound.
15:46 of 3rd period - T.J. Hensick wins face-off versus Cal O'Reilly in Demolitions zone.
15:46 of 3rd period - T.J. Hensick is hit by David Savard.
16:12 of 3rd period - Simon Danis-Pepin is hit by Robert Klinkhammer and loses puck.
16:37 of 3rd period - Wrist shot by Ryan Craig.
16:37 of 3rd period - Stopped by Josh Harding with a rebound.
17:19 of 3rd period - Stephane Veilleux is hit by Anton Babchuk and loses puck.
17:24 of 3rd period - Snap shot by Nicolas Blanchard.
17:24 of 3rd period - Stopped by Josh Harding with a rebound.
17:44 of 3rd period - Slapshot by Sami Vatanen.
17:44 of 3rd period - Deflect By Beau Bennett.
17:44 of 3rd period - Shot Blocked by Doug Janik.
17:44 of 3rd period - Puck is out of play.
17:45 of 3rd period - Ryan Craig wins face-off versus Cal O'Reilly in Demolitions zone.
Goals for this period are 2 for Demolitions vs 1 for Inferno.
Shots for this period are 15 for Demolitions vs 17 for Inferno.
Overtime #1
0:01 of 1st overtime period - Mikhail Grabovski wins face-off versus Brad Richardson in neutral zone.
0:53 of 1st overtime period - Colby Robak is hit by Anssi Salmela and loses puck.
1:12 of 1st overtime period - Slapshot by Yannick Weber.
1:12 of 1st overtime period - Shot Blocked by Doug Janik.
1:44 of 1st overtime period - Vladimir Sobotka is hit by Anton Babchuk and loses puck.
2:20 of 1st overtime period - Nigel Dawes is hit by Pavel Vorobiev and loses puck.
2:51 of 1st overtime period - Slapshot by Stephane Veilleux.
2:51 of 1st overtime period - Stopped by Brent Krahn with a rebound.
4:19 of 1st overtime period - Simon Danis-Pepin is hit by Ryan Craig and loses puck.
4:36 of 1st overtime period - Darren Helm is hit by Vladimir Sobotka and loses puck.
4:56 of 1st overtime period - Wrist shot by Anton Babchuk.
4:56 of 1st overtime period - Shot Misses the Net.
Goals for this period are 0 for Demolitions vs 0 for Inferno.
Shots for this period are 0 for Demolitions vs 1 for Inferno.
ShootOut
5:00 of 1st overtime period - Penalty Shot by Brad Richardson for Demolitions.
5:00 of 1st overtime period - Backhand shot by Brad Richardson.
5:00 of 1st overtime period - Stopped by Josh Harding.
5:00 of 1st overtime period - Penalty Shot by David Ullstrom for Inferno.
5:00 of 1st overtime period - Deke by David Ullstrom.
5:00 of 1st overtime period - Stopped by Brent Krahn.
5:00 of 1st overtime period - Penalty Shot by T.J. Hensick for Demolitions.
5:00 of 1st overtime period - Snap shot by T.J. Hensick.
5:00 of 1st overtime period - Stopped by Josh Harding.
5:00 of 1st overtime period - Penalty Shot by Anders Lee for Inferno.
5:00 of 1st overtime period - Snap shot by Anders Lee.
5:00 of 1st overtime period - Stopped by Brent Krahn.
5:00 of 1st overtime period - Penalty Shot by Ryan Craig for Demolitions.
5:00 of 1st overtime period - Wrist shot by Ryan Craig.
5:00 of 1st overtime period - Shot Misses the Net.
5:00 of 1st overtime period - Penalty Shot by Vladimir Zharkov for Inferno.
5:00 of 1st overtime period - Snap shot by Vladimir Zharkov.
5:00 of 1st overtime period - Stopped by Brent Krahn.
5:00 of 1st overtime period - Penalty Shot by Nigel Dawes for Demolitions.
5:00 of 1st overtime period - Deke by Nigel Dawes.
5:00 of 1st overtime period - Goal by Nigel Dawes.
5:00 of 1st overtime period - Penalty Shot by Jonathan Ferland for Inferno.
5:00 of 1st overtime period - Wrist shot by Jonathan Ferland.
5:00 of 1st overtime period - Goal by Jonathan Ferland.
5:00 of 1st overtime period - Penalty Shot by Bobby Butler for Demolitions.
5:00 of 1st overtime period - Wrist shot by Bobby Butler.
5:00 of 1st overtime period - Goal by Bobby Butler.
5:00 of 1st overtime period - Penalty Shot by Stephane Veilleux for Inferno.
5:00 of 1st overtime period - Wrist shot by Stephane Veilleux.
5:00 of 1st overtime period - Shot Misses the Net.
Output by the SimonT Hockey Simulator (STHS) for François Prévost -- Original Page W3C XHTML 1.0 Valid